 Dungeon Crawl Stone Soup version 0.21.1-1-g345015f (webtiles) character file.

112 tidbits the Insei (level 4, 3/34 HPs)
             Began as a Gnoll Transmuter on Feb 9, 2018.
             Quit the game on level 4 of the Dungeon.
             The game lasted 00:05:02 (581 turns).

tidbits the Insei (Gnoll Transmuter)                 Turns: 581, Time: 00:05:03

Health: 3/34       AC:  2    Str: 12    XL:     4   Next: 93%
Magic:  4/11       EV: 23    Int: 17    God:
Gold:   51         SH:  0    Dex: 20    Spells: 7/13 levels left

rFire    . . .     SeeInvis .     - Unarmed
rCold    . . .     Gourm    .   (shield currently unavailable)
rNeg     . . .     Faith    .   (armour currently unavailable)
rPois    x         Spirit   .   (helmet currently unavailable)
rElec    .         Reflect  .   (cloak currently unavailable)
rCorr    .         Harm     .   (gloves currently unavailable)
MR       .....                  (boots currently unavailable)
Stlth    ++........             (no amulet)
HPRegen  0.11/turn              (no ring)
MPRegen  0.12/turn              (no ring)

@: lethally poisoned (3 -> -10), spider-form
A: tiny, distributed training, strong nose
a: End Transformation


You were on level 4 of the Dungeon.
You were not hungry.
You were a venomous arachnid creature.
You visited 2 branches of the dungeon, and saw 6 of its levels.

You collected 51 gold pieces.

Inventory:

Hand Weapons
 g - a +2 dagger of chaos
   (You took it off a crimson imp on level 4 of the Dungeon)
 j - a +0 dagger
Missiles
 a - 27 arrows
 m - 41 stones (quivered)
Armour
 b - a +0 robe (melded)
 n - a +0 ring mail
 C - a +0 cloak (melded)
Wands
 h - a wand of paralysis (15)
 k - a wand of random effects (18)
Scrolls
 e - a scroll of teleportation
 f - a scroll of identify {unknown}
 i - a scroll of enchant weapon {unknown}
 r - 2 scrolls of remove curse
Books
 c - a book of Changes

   Spells                             Type                      Level
   a - Beastly Appendage              Transmutation                1
   b - Sticks to Snakes               Transmutation                2
   c - Spider Form                    Transmutation/Poison         3
   d - Ice Form                       Ice/Transmutation            4
   e - Blade Hands                    Transmutation                5
Comestibles
 d - 2 rations


   Skills:
 + Level 2.8 Fighting
 + Level 1.2 Short Blades
 + Level 1.2 Long Blades
 + Level 1.2 Axes
 + Level 1.2 Maces & Flails
 + Level 1.2 Polearms
 + Level 1.2 Staves
 + Level 1.2 Slings
 + Level 1.2 Bows
 + Level 1.2 Crossbows
 + Level 1.2 Throwing
 + Level 1.2 Armour
 + Level 4.7 Dodging
 + Level 1.2 Stealth
 + Level 1.2 Shields
 + Level 6.6 Unarmed Combat
 + Level 5.1 Spellcasting
 + Level 1.0 Conjurations
 + Level 1.0 Hexes
 + Level 1.0 Charms
 + Level 1.0 Summonings
 + Level 1.0 Necromancy
 + Level 1.0 Translocations
 + Level 3.9 Transmutations
 + Level 1.0 Fire Magic
 + Level 1.0 Ice Magic
 + Level 1.0 Air Magic
 + Level 1.0 Earth Magic
 + Level 1.0 Poison Magic
 + Level 1.4 Invocations
 + Level 1.2 Evocations


You had 7 spell levels left.
You knew the following spells:

 Your Spells              Type           Power        Failure   Level  Hunger
e - Beastly Appendage     Tmut           ###...       10%         1    None
k - Sticks to Snakes      Tmut           ###.....     13%         2    #......
p - Spider Form           Tmut/Pois      ##........   34%         3    ###....


Dungeon Overview and Level Annotations

Branches:
Dungeon (5/15)             Temple (1/1) D:4

Altars:
Ashenzari
Dithmenos
Elyvilon
Hepliaklqana
Makhleb
Nemelex Xobeh
Okawaru
Qazlal
Ru
Vehumet
Xom
Yredelemnul

Annotations:
D:4 Menkaure


Innate Abilities, Weirdness & Mutations

Your experience applies equally to all skills.
((You have very sharp teeth.))
Your uncanny sense of smell can sniff out nearby items.


Message History

The worm is moderately wounded.
You bite the worm!
You kill the worm!
Your Conjurations skill increases to level 1!
Your Hexes skill increases to level 1!
Your Charms skill increases to level 1!
Your Summonings skill increases to level 1!
Your Necromancy skill increases to level 1!
Your Translocations skill increases to level 1!
Your Fire Magic skill increases to level 1!
Your Ice Magic skill increases to level 1!
Your Air Magic skill increases to level 1!
Your Earth Magic skill increases to level 1!
Your Poison Magic skill increases to level 1!
Found a brass wand.
Found a stone staircase leading down.
You see here a wand of paralysis (15).
h - a wand of paralysis (15)
There is a stone staircase leading down here.
You feel a little less clever now.
Your transformation has ended.
Your +0 cloak unmelds from your body.
Your +0 robe unmelds from your body.
An adder comes into view.
Unknown command.
Casting: Spider Form
Confirm with . or Enter, or press ? or * to list all spells.
You miscast Spider Form.
You are very lightly contaminated with residual magic.
Strange energies run through your body.
The adder hisses angrily.
Casting: Spider Form
Confirm with . or Enter, or press ? or * to list all spells.
You turn into a venomous arachnid creature.
Your +0 cloak melds into your body.
Your +0 robe melds into your body.
Casting: Spider Form
Confirm with . or Enter, or press ? or * to list all spells.
You create a snake!
You now have 27 arrows.
Your transformation is almost over.
The adder misses you.
You closely miss the adder. The adder misses you.
Your ball python bites the adder.
Your ball python grabs the adder.
Your ball python constricts the adder.
You hit the adder.
The adder is poisoned.
The adder is heavily wounded.
The adder misses you.
Your ball python bites the adder.
Your ball python constricts the adder.
You hit the adder.
You kill the adder!
You see here a scroll labeled AGHAVISS ZYCOPS.
i - a scroll labeled AGHAVISS ZYCOPS Your transformation has ended.
Your +0 cloak unmelds from your body.
Your +0 robe unmelds from your body.
You see here a wand of random effects (18).
k - a wand of random effects (18)
The adder bites your ball python.
Your ball python dies!
The adder misses you. The adder closely misses you.
The adder barely misses you.
There is a stone staircase leading down here.
Unknown command.
The adder misses you. The adder bites you.
* * * LOW HITPOINT WARNING * * *
You are poisoned.
The adder poisons you!
You climb downwards.
A centaur comes into view.
You feel sick.
The centaur shouts!
Found 9 gold pieces and 15 stones.
There is a stone staircase leading up here.
The centaur wields a shortbow.
The centaur shoots an arrow.
The arrow barely misses you. The adder misses you.
You climb upwards.
Level annotation: Menkaure Your magical contamination has completely faded away.
There is a stone staircase leading down here.
Unknown command.
Casting: Sticks to Snakes
Confirm with . or Enter, or press ? or * to list all spells.
You turn into a venomous arachnid creature.
Your +0 cloak melds into your body.
Your +0 robe melds into your body.
You feel sick. The adder misses you.
You bite the adder!
The adder is severely wounded.
The adder closely misses you.
You barely miss the adder.
The adder is severely wounded.
The adder barely misses you. The adder bites you.
* * * LOW HITPOINT WARNING * * *
You are lethally poisoned!
The adder poisons you!
You hit the adder.
You kill the adder!
* * * LOW HITPOINT WARNING * * *
You feel sick.
You aren't carrying any potions.
Unknown command.
Are you sure you want to abandon this character and quit the game? (Confirm with "yes".)
Okay, then.
Are you sure you want to abandon this character and quit the game? (Confirm with "yes".)

#.##.#....#.#
********#......
*$#.........#
#.,,,,,l..#....
#...........#
#.#*******#.###
###.........# #.# #.# #
##.#....#.# #.# #.###
#.#....#.#
#.#########....
#.#....#.#
#.#.........###
#.####.#.####.#.###.###.#
#.# #.#..s..........##.#
#.#
#........#.###.#######
#.# ##########.# #.# #_._
#.########****#.#
#.#**#...
#.<...)...,,,,..#
#^.,,#...
##########****###
###***#'# #.. ###


There were no monsters in sight!

Vanquished Creatures
  A crimson imp (D:4)
  A hound (D:4)
  4 adders
  A worm (D:4)
  A giant cockroach (D:3)
  A goblin (D:3)
  A hobgoblin (D:3)
  3 bats
  A frilled lizard (D:3)
  A rat (D:3)
15 creatures vanquished.

Vanquished Creatures (collateral kills)
  A leopard gecko skeleton (D:4)
1 creature vanquished.

Grand Total: 16 creatures vanquished

Notes
Turn   | Place    | Note
-------+----------+-------------------------------------------
     0 | D:1      | tidbits the Gnoll Transmuter began the quest for the Orb.
     0 | D:1      | Reached XP level 1. HP: 17/17 MP: 6/6
    95 | D:2      | Reached XP level 2. HP: 4/23 MP: 5/7
   183 | D:4      | Noticed Menkaure
   209 | D:4      | Noticed a scorpion
   232 | D:3      | Learned a level 2 spell: Sticks to Snakes
   311 | D:4      | Reached skill level 5 in Spellcasting
   311 | D:4      | Reached XP level 3. HP: 4/28 MP: 1/9
   320 | D:4      | Found a staircase to the Ecumenical Temple.
   325 | Temple   | Entered the Ecumenical Temple
   435 | D:4      | Learned a level 3 spell: Spider Form
   440 | D:4      | Reached skill level 1 in Short Blades
   440 | D:4      | Reached skill level 1 in Long Blades
   440 | D:4      | Reached skill level 1 in Axes
   440 | D:4      | Reached skill level 1 in Maces & Flails
   440 | D:4      | Reached skill level 1 in Polearms
   440 | D:4      | Reached skill level 1 in Staves
   440 | D:4      | Reached skill level 1 in Slings
   440 | D:4      | Reached skill level 1 in Bows
   440 | D:4      | Reached skill level 1 in Crossbows
   440 | D:4      | Reached skill level 1 in Throwing
   440 | D:4      | Reached skill level 1 in Armour
   440 | D:4      | Reached skill level 1 in Stealth
   440 | D:4      | Reached skill level 1 in Shields
   440 | D:4      | Reached skill level 1 in Invocations
   440 | D:4      | Reached skill level 1 in Evocations
   478 | D:4      | Found a shimmering altar of Xom.
   482 | D:4      | HP: 4/42 [crimson imp/dagger of chaos (18)]
   487 | D:4      | Reached XP level 4. HP: 6/34 MP: 11/11
   487 | D:4      | HP: 5/76 [poisoned by a crimson imp]
   493 | D:4      | HP: 3/51 [poisoned by a crimson imp]
   498 | D:4      | Found a burning altar of Makhleb.
   525 | D:4      | Reached skill level 1 in Conjurations
   525 | D:4      | Reached skill level 1 in Hexes
   525 | D:4      | Reached skill level 1 in Charms
   525 | D:4      | Reached skill level 1 in Summonings
   525 | D:4      | Reached skill level 1 in Necromancy
   525 | D:4      | Reached skill level 1 in Translocations
   525 | D:4      | Reached skill level 1 in Fire Magic
   525 | D:4      | Reached skill level 1 in Ice Magic
   525 | D:4      | Reached skill level 1 in Air Magic
   525 | D:4      | Reached skill level 1 in Earth Magic
   525 | D:4      | Reached skill level 1 in Poison Magic
   574 | D:5      | Entered Level 5 of the Dungeon
   574 | D:5      | Noticed a centaur
   580 | D:4      | HP: 3/34 [poisoned by an adder]
   581 | D:4      | Quit the game

Skill      XL: |  1  2  3  4 |
---------------+-------------+-----
Spellcasting   | 5 |  5.1
Short Blades   | 1 |  1.2
Long Blades    | 1 |  1.2
Axes           | 1 |  1.2
Maces & Flails | 1 |  1.2
Polearms       | 1 |  1.2
Staves         | 1 |  1.2
Slings         | 1 |  1.2
Bows           | 1 |  1.2
Crossbows      | 1 |  1.2
Throwing       | 1 |  1.2
Armour         | 1 |  1.2
Stealth        | 1 |  1.2
Shields        | 1 |  1.2
Invocations    | 1 |  1.4
Evocations     | 1 |  1.2
Conjurations   | 1 |  1.0
Hexes          | 1 |  1.0
Charms         | 1 |  1.0
Summonings     | 1 |  1.0
Necromancy     | 1 |  1.0
Translocations | 1 |  1.0
Fire Magic     | 1 |  1.0
Ice Magic      | 1 |  1.0
Air Magic      | 1 |  1.0
Earth Magic    | 1 |  1.0
Poison Magic   | 1 |  1.0
Fighting       | |  2.8
Dodging        | |  4.7
Unarmed Combat | |  6.6
Transmutations | |  3.9

Action                   |  1- 3 |  4- 6 || total
-------------------------+-------+-------++-------
Melee: Unarmed           |    35 |    10 ||    45
       Kick              |     4 |       ||     4
       Headbutt          |     2 |       ||     2
       Punch             |     2 |       ||     2
       Bite              |     1 |       ||     1
Throw: Stone             |     1 |       ||     1
 Cast: Beastly Appendage |     7 |       ||     7
       Sticks to Snakes  |     2 |     1 ||     3
       Spider Form       |     1 |     3 ||     4
 Abil: End Transformatio |       |     1 ||     1
  Use: Potion            |     5 |       ||     5
       Scroll            |     3 |     1 ||     4
Armor: Robe              |     4 |       ||     4
       Skin              |     3 |       ||     3
Dodge: Dodged            |    17 |    13 ||    30

Table legend:
 A = Turns spent in this place as a percentage of turns spent in the entire game.
 B = Non-inter-level travel turns spent in this place as a percentage of non-inter-level travel turns spent in the entire game.
 C = Inter-level travel turns spent in this place as a percentage of turns spent in this place.
 D = Turns resting spent in this place as a percentage of non-inter-level travel turns spent in this place.
 E = Turns spent auto-exploring this place as a percentage of non-inter-level travel turns spent in this place.
 F = Non-inter-level travel turns spent in this place divided by the number of levels of this place that you've seen.
                   A       B       C       D       E      F
               +-------+-------+-------+-------+-------+----------------------
         Total | 100.0 | 100.0 |   5.9 |   0.0 |   0.0 |  91.2
       Dungeon |  86.7 |  92.1 |   0.0 |   0.0 |   0.0 | 100.8
        Temple |  13.3 |   7.9 |  44.2 |   0.0 |   0.0 |  43.0
               +-------+-------+-------+-------+-------+----------------------

Table legend:
 A = Kills in this place as a percentage of kills in entire the game.
 B = Kills by you in this place as a percentage of kills by you in the entire game.
 C = Kills by friends in this place as a percentage of kills by friends in the entire game.
 D = Other kills in this place as a percentage of other kills in the entire game.
 E = Experience gained in this place as a percentage of experience gained in the entire game.
 F = Experience gained in this place divided by the number of levels of this place that you have seen.
                   A       B       C       D       E      F
               +-------+-------+-------+-------+-------+----------------------
         Total | 100.0 | 100.0 | 100.0 |   N/A | 100.0 |  26.7
       Dungeon | 100.0 | 100.0 | 100.0 |   N/A | 100.0 |  32.0
               +-------+-------+-------+-------+-------+----------------------

Vault maps used:
D:1:      eino_arrival_druids_welcome
D:4:      grunt_temple_overflow_champion_of_chaos, minmay_temple_entry_trees,
          first_ration, uniq_menkaure, uniq_sigmund
D:5:      cheibrodos_worm_habitat
Temple:   jpeg_temple_alley_garden
